 Dungeon Crawl Stone Soup version 0.27-a0-1529-g1e82c303ef (webtiles) character file.

Game seed: 14381503623414144248

139 dickylongcocking the Magician (level 5, -6/40 HPs)
             Began as a Djinni Hedge Wizard on July 11, 2021.
             Mangled by a gnoll (8 damage)
             ... on level 4 of the Dungeon.
             The game lasted 00:03:18 (4591 turns).

dickylongcocking the Magician (Djinni Hedge Wizard) Turns: 4591, Time: 00:03:19

Health: -6/40      AC:  3    Str:  9    XL:     5   Next: 46%
Gold:   90         EV:  6    Int: 17    God:
                   SH:  0    Dex: 12

rFire    + + .     SeeInvis .   m - +2 whip (drain)
rCold    x . .     Faith    .   (no shield)
rNeg     . . .     Spirit   .   b - +0 robe
rPois    ∞         Reflect  .   c - +1 hat
rElec    .         Harm     .   (no cloak)
rCorr    .         Rampage  .   (no gloves)
Will     .....                  (boots unavailable)
Stlth    ++........             (no amulet)
HPRegen  0.13/turn              (no ring)
MPRegen  0.00/turn              (no ring)

@: flying, held
A: sickness immunity, fire resistance 2, cold vulnerability 1, float, innate
caster, hp casting, extra vitality 1
a: no special abilities


You were on level 4 of the Dungeon.
You visited 2 branches of the dungeon, and saw 5 of its levels.

You collected 90 gold pieces.

Inventory:

Hand Weapons
 a - a +0 dagger
 m - a +2 whip of draining (weapon)
Missiles
 h - 2 throwing nets
 k - 6 atropa-tipped darts
Armour
 b - a +0 robe (worn)
 c - a +1 hat (worn)
Magical Staves
 j - a staff of earth
Jewellery
 d - a ring of flight
Scrolls
 e - 3 scrolls of identify {unknown}
 f - a scroll of brand weapon {unknown}
 l - a scroll of summoning {unknown}
Potions
 g - 3 potions of curing
 n - a potion of cancellation {unknown}


   Skills:
 * Level 3.2 Fighting
 - Level 2.1 Dodging
 - Level 1.5 Stealth
 * Level 3.5 Spellcasting


You couldn't memorise any spells.
You knew the following spells:

 Your Spells              Type           Power      Damage    Failure   Level
a - Magic Dart            Conj           60%        1d6       3%          1
b - Blink                 Tloc           N/A        N/A       6%          2
c - Call Imp              Summ           15%        N/A       6%          2
d - Slow                  Hex            15%        N/A       6%          2
e - Conjure Flame         Conj/Fire      15%        6-21      12%         3
f - Mephitic Cloud        Conj/Pois/Air  15%        N/A       12%         3
g - Pain                  Necr           60%        1d7       3%          1
h - Corpse Rot            Necr/Air       N/A        N/A       6%          2
Your spell library was empty.

Dungeon Overview and Level Annotations

Branches:
Dungeon (4/15)             Temple (1/1) D:4

Altars:
Ashenzari
Dithmenos
Fedhas
Nemelex Xobeh
Qazlal
Ru
Trog
Vehumet
Yredelemnul
The Shining One


Innate Abilities, Weirdness & Mutations

You are immune to sickness and miasma.
You are immune to poison.
Your flesh is very heat resistant. (rF++)
You are vulnerable to cold. (rC-)
You float through the air rather than walking.
You learn spells naturally, not from books.
Your magical power is your life essence.
You have superior vitality. (+4 HP)


Message History

Casting: Pain (safe; 3% risk of failure)
Confirm with . or Enter, or press ? or * to list all spells.
Aiming: Pain (safe; 3% risk of failure)
Press: ? - help, Shift-Dir - straight line, f - gnoll
Aim: a gnoll, wielding a +0 flail and quivering a throwing net (chance to affect: 80%)
The gnoll barely resists.
The gnoll hits you with a +0 flail.
Unknown command.
Unknown command.
Casting: Pain (safe; 3% risk of failure)
Confirm with . or Enter, or press ? or * to list all spells.
Aiming: Pain (safe; 3% risk of failure)
Press: ? - help, Shift-Dir - straight line, f/p - gnoll
Aim: a gnoll, wielding a +0 flail and quivering a throwing net (chance to affect: 80%)
The gnoll writhes in agony.
The gnoll hits you with a +0 flail.
* * * LOW HITPOINT WARNING * * *
The gnoll hits you with a +0 flail.
* * * LOW HITPOINT WARNING * * *
Unknown command.
Unknown command.
You feel much better. The gnoll hits you with a +0 flail.
The gnoll hits you with a +0 flail!
Unknown command.
Unknown command.
Okay, then.
You struggle against the net.
The gnoll hits you with a +0 flail! The gnoll hits you but does no damage.
Unknown command.
Unknown command.
You struggle against the net.
The gnoll hits you with a +0 flail!
* * * LOW HITPOINT WARNING * * *
The gnoll hits you with a +0 flail.
* * * LOW HITPOINT WARNING * * *
Unknown command.
Unknown command.
As you read the scroll labelled ANOWKU CIUJOE, it crumbles to dust.
It is a scroll of enchant armour.
Your +0 hat glows green for a moment.
The gnoll hits you with a +0 flail.
* * * LOW HITPOINT WARNING * * *
The gnoll hits you with a +0 flail!
You die...

# ..# .. . ##.# .. ..
#..# #.. ... #g.## ##..
.... #.†.# ###... .....
#...####....#
......######...........#
.......@g.........##...#
........g.......####...#
.....#######..### #...#
.... #..# ##... ... #..#
##... #. #..# #.... #
##.# #.... #.# #.... #.
#....


You could see 2 gnolls.

Vanquished Creatures
  Blork the orc (D:4)
  A gnoll (D:4)
  A worm (D:3)
  A dart slug (D:3)
  5 ball pythons
  4 endoplasms (D:1)
  2 giant cockroaches (D:1)
  6 goblins
  4 hobgoblins
  3 jackals
  3 quokkas
  3 bats
  A frilled lizard (D:1)
  6 kobolds
  3 rats
44 creatures vanquished.

Vanquished Creatures (collateral kills)
  2 adders (D:3)
  2 worms
  3 jackals (D:3)
  A rat (D:3)
8 creatures vanquished.

Grand Total: 52 creatures vanquished

Notes
Turn   | Place    | Note
-------+----------+-------------------------------------------
     0 | D:1      | dickylongcocking the Djinni Hedge Wizard began the quest
                  | for the Orb.
     0 | D:1      | Reached XP level 1. HP: 15/15 MP: 0/0
   206 | D:1      | Reached skill level 1 in Fighting
   206 | D:1      | Reached XP level 2. HP: 5/22 MP: 0/0
  1025 | D:1      | Reached XP level 3. HP: 24/27 MP: 0/0
  1025 | D:1      | Learned a level 1 spell: Pain
  1566 | D:2      | Found a faded altar of an unknown god.
  2603 | D:3      | Found a broken altar of Ashenzari.
  2619 | D:3      | Reached XP level 4. HP: 27/33 MP: 0/0
  3908 | D:4      | Found a staircase to the Ecumenical Temple.
  3923 | D:4      | Noticed Blork the orc
  3945 | Temple   | Entered the Ecumenical Temple
  4136 | D:4      | Killed Blork the orc
  4137 | D:4      | Reached XP level 5. HP: 4/40 MP: 0/0
  4137 | D:4      | Learned a level 2 spell: Corpse Rot
  4213 | D:4      | Noticed a phantom
  4591 | D:4      | HP: 2/40 [gnoll (5)]
  4591 | D:4      | Mangled by a gnoll

Illustrated notes

Levels and vault maps discovered:
D:1:      grunt_arrival_crossed_arrows, layout_loops_ring
D:2:      layout_basic, chequers_ecumenical_altar_island, minmay_misc_feat_roman
D:3:      layout_loops_ring, ashenzari_conservatory_becter
D:4:      layout_layer_cave, minmay_temple_entry_poolview, uniq_blork_the_orc,
          uniq_robin
Temple:   jpeg_temple_island

Skill      XL: |  1  2  3  4 |
---------------+-------------+-----
Fighting       | 1 2 3 |  3.2
Spellcasting   | 3 |  3.5
Dodging        | |  2.1
Stealth        | |  1.5

Action                   |  1- 3 |  4- 6 || total
-------------------------+-------+-------++-------
Melee: Dagger            |    40 |    38 ||    78
       Whip              |       |    17 ||    17
 Cast: Magic Dart        |    62 |       ||    62
       Pain              |     8 |    15 ||    23
       Call Imp          |     6 |     2 ||     8
       Mephitic Cloud    |       |     2 ||     2
  Use: Potion            |       |     2 ||     2
       Scroll            |       |     1 ||     1
 Stab: Sleeping          |     1 |     1 ||     2
       Confused          |       |     2 ||     2
Armor: Robe              |    11 |     5 ||    16
Dodge: Dodged            |    37 |    45 ||    82

Table legend: (Time is in decaauts)
 A = Elapsed time spent in this place.
 B = Non-inter-level travel time spent in this place.
 C = Inter-level travel time spent in this place.
 D = Time resting spent in this place.
 E = Time spent auto-exploring this place.
 F = Levels seen in this place.
 G = Mean time per level.
                   A        B        C        D        E       F      G
               +--------+--------+--------+--------+--------+-----+--------+
         Total |   4591 |   4461 |    130 |    512 |   3493 |   5 |  918.2 |
       Dungeon |   4438 |   4333 |    105 |    512 |   3375 |   4 | 1109.5 |
        Temple |    152 |    127 |     25 |      0 |    118 |   1 |  152.0 |
               +--------+--------+--------+--------+--------+-----+--------+

Top non-repeatable levels by time:
     D:3: 1648 daAuts
     D:1: 1305 daAuts
     D:2: 935 daAuts
     D:4: 549 daAuts
  Temple: 152 daAuts
